 Dungeon Crawl Stone Soup version 0.23-a0-338-g8ff0b24 (webtiles) character file.

96 kotleta the Sneak (level 4, -1/39 HPs)
             Began as an Octopode Wanderer on Oct 18, 2018.
             Was an Initiate of Hepliaklqana.
             Slain by Sigmund
             ... wielding a +0 scythe
              (6 damage)
             ... on level 3 of the Dungeon.
             The game lasted 00:07:37 (2991 turns).

kotleta the Sneak (Octopode Wanderer)               Turns: 2991, Time: 00:07:38

Health: -1/39      AC: 22    Str: 12    XL:     4   Next: 67%
Magic:  0/6        EV:  2    Int: 16    God:    Hepliaklqana [......]
Gold:   29         SH:  0    Dex:  9    Spells: 1/6 levels left

rFire    . . .     SeeInvis .   C - +0 flail
rCold    . . .     Gourm    .   (no shield)
rNeg     + + +     Faith    .   (helmet currently unavailable)
rPois    +         Spirit   .   q - amulet of rage
rElec    .         Reflect  .   (no ring)
rCorr    .         Harm     .   (no ring)
MR       .....     NoTele   +   (no ring)
Stlth    +++.......             (no ring)
HPRegen  0.13/turn              (no ring)
MPRegen  0.10/turn              (no ring)
                                (no ring)
                                (no ring)

@: tree-form
A: almost no armour, stealthy swim, (amphibious), 8 rings, (constrict 8),
reduced essence
a: Recall Ancestor, Ancestor Identity, Renounce Religion, Evoke Berserk Rage


You were on level 3 of the Dungeon.
You worshipped Hepliaklqana.
Hepliaklqana was noncommittal.
You were hungry.
You were a tree.
You visited 1 branch of the dungeon, and saw 3 of its levels.

You collected 29 gold pieces.

Inventory:

Hand Weapons
 c - a +0 club
 d - a +0 dagger
 g - a +0 mace
 h - a +0 hunting sling
 y - a +0 falchion
 C - a +0 flail (weapon)
Missiles
 a - 2 throwing nets {!f}
 j - 81 stones
 k - 2 steel javelins (quivered)
 m - 29 arrows
Jewellery
 q - an amulet of rage (around neck)
Wands
 v - a wand of polymorph (16)
Scrolls
 e - 3 scrolls of teleportation
 i - 2 scrolls of remove curse {unknown}
 o - a scroll of identify {@r1}
 p - a scroll of fear {unknown}
 s - a scroll of magic mapping {unknown}
 t - a scroll of enchant weapon {unknown}
 w - a scroll of enchant armour {unknown}
 x - a scroll of random uselessness {unknown}
 A - a scroll of fog {unknown}
Potions
 b - a potion of lignification
 l - 4 potions of degeneration
 n - a potion of mutation
 r - a potion of agility {unknown}
 u - a potion of flight {unknown}
 z - 2 potions of haste {unknown}
Comestibles
 f - 6 rations
 B - a chunk of flesh


   Skills:
 + Level 1.9 Fighting
   Level 1.0 Polearms
 + Level 1.7 Dodging
 - Level 5.3 Stealth
   Level 1.0 Shields
 + Level 1.8 Spellcasting
 - Level 1.0 Conjurations
 * Level 2.1 Summonings
   Level 1.0 Necromancy
   Level 1.0 Transmutations


You had one spell level left.
You knew the following spells:

 Your Spells              Type           Power        Failure   Level  Hunger
a - Magic Dart            Conj           #...         14%         1    #......
b - Call Imp              Summ           #.......     14%         2    ###....
c - Blink                 Tloc           N/A          32%         2    ###....

Your spell library contained the following spells:

 Spells                   Type           Power        Failure   Level  Hunger
 Slow                     Hex            #.......     32%         2    ###....
 Conjure Flame            Conj/Fire      #.......     45%         3    ###....
 Mephitic Cloud           Conj/Pois/Air  #.......     50%         3    ###....


Dungeon Overview and Level Annotations

Branches:
Dungeon (3/15)

Altars:
Ashenzari
Dithmenos
Gozag
Hepliaklqana
Kikubaaqudgha
Makhleb
Wu Jian
The Shining One

Annotations:
D:3 Sigmund


Innate Abilities, Weirdness & Mutations

You cannot wear most types of armour.
You are very stealthy in the water. (Stealth+)
((You are amphibious.))
You can wear up to eight rings at the same time.
((You can use your tentacles to constrict eight enemies at once.))
((Your skin changes colour to match your surroundings (Stealth+).))
((Your rubbery body absorbs attacks. (AC +1, EV +1)))
Your life essence is reduced to manifest your ancestor. (-10% HP)


Message History

Casting: Magic Dart (safe; 14% risk of failure)
Aiming: Magic Dart (safe; 14% risk of failure)
Aim: Sigmund, wielding a +0 scythe and wearing a +0 robe (heavily wounded)
The magic dart hits Sigmund.
Sextus hits Sigmund.
Casting: Magic Dart (safe; 14% risk of failure)
Aiming: Magic Dart (safe; 14% risk of failure)
Aim: Sigmund, wielding a +0 scythe and wearing a +0 robe (severely wounded)
The magic dart hits Sigmund.
Sextus closely misses Sigmund.
Sigmund hits you but does no damage.
Casting: Magic Dart (safe; 14% risk of failure)
Aiming: Magic Dart (safe; 14% risk of failure)
Aim: Sigmund, wielding a +0 scythe and wearing a +0 robe (severely wounded)
The magic dart hits Sigmund.
Sextus barely misses Sigmund.
Sigmund gestures at you while chanting. You resist with some effort.
You barely miss Sigmund.
Sextus hits Sigmund but does no damage.
Sigmund misses Sextus.
Sextus hits Sigmund.
You barely miss Sigmund.
Sextus completely misses Sigmund.
Sigmund hits you with a +0 scythe.
You die...

....####....#####...#.#...#.##...
#...##..........#...#.......<#...
....##.####.....#...#........####
....##)# #.....#...#........#
.._....# ##.####...#........#
_..._..# #.####............#
.......# #.#.##....#.......#
..⌠.._.# ###.#...R.......$...#
.......# #......♣@..#..####..#
_..._.## ###.#.####.#..# ..
.._...# #.#.# #.##.# #...###
#.... ... .# ##### ###.## #. .#
#.# ###


You could see the friendly Sextus the ancestor and Sigmund.

Vanquished Creatures
  A worker ant (D:3)
  An adder (D:3)
  An ooze (D:2)
  A dart slug (D:1)
  A leopard gecko (D:1)
  3 orcs (D:3)
  A ball python (D:3)
  3 giant cockroaches
  6 goblins
  10 hobgoblins
  3 jackals (D:1)
  2 kobolds (D:2)
  A quokka (D:2)
  A bat (D:2)
  A frilled lizard (D:3)
  2 rats (D:2)
38 creatures vanquished.

Vanquished Creatures (collateral kills)
  An adder (D:2)
  2 orcs (D:3)
3 creatures vanquished.

Grand Total: 41 creatures vanquished

Notes
Turn   | Place    | Note
-------+----------+-------------------------------------------
     0 | D:1      | kotleta the Octopode Wanderer began the quest for the Orb.
     0 | D:1      | kotleta set off with: 2 potions of lignification, a +0
                  | club, a +0 dagger, a ration
     0 | D:1      | Reached XP level 1. HP: 13/13 MP: 2/2
     2 | D:1      | Learned a level 1 spell: Magic Dart
   661 | D:1      | Reached XP level 2. HP: 14/18 MP: 0/3
   933 | D:1      | Reached skill level 1 in Conjurations
  1176 | D:1      | Learned a level 2 spell: Call Imp
  1210 | D:2      | Reached skill level 1 in Dodging
  1632 | D:1      | Reached XP level 3. HP: 21/23 MP: 5/5
  1954 | D:2      | Reached skill level 1 in Summonings
  2459 | D:3      | Noticed Sigmund
  2515 | D:3      | Learned a level 2 spell: Blink
  2549 | D:3      | Reached XP level 4. HP: 7/29 MP: 0/6
  2846 | D:3      | Found an ornate altar of the Wu Jian Council.
  2846 | D:3      | Found a shadowy altar of Dithmenos.
  2847 | D:3      | Found a burning altar of Makhleb.
  2847 | D:3      | Found an opulent altar of Gozag.
  2848 | D:3      | Found an ancient bone altar of Kikubaaqudgha.
  2848 | D:3      | Found a glowing golden altar of the Shining One.
  2848 | D:3      | Found a hazy altar of Hepliaklqana.
  2848 | D:3      | Found a shattered altar of Ashenzari.
  2930 | D:3      | Became a worshipper of Hepliaklqana the Forgotten
  2991 | D:3      | Slain by Sigmund

Vault maps used:
D:1:      ncdulo_halloftheorcs
D:2:      first_ration
D:3:      minmay_wonky_spiral, grunt_temple_overflow_open, uniq_sigmund

Skill      XL: |  1  2  3  4 |
---------------+-------------+-----
Conjurations   | 1 |  1.0
Dodging        | 1 |  1.7
Summonings     | 1 2 |  2.1
Fighting       | |  1.9
Polearms       | |  1.0
Stealth        | |  5.3
Shields        | |  1.0
Spellcasting   | |  1.8
Necromancy     | |  1.0
Transmutations | |  1.0

Action                   |  1- 3 |  4- 6 || total
-------------------------+-------+-------++-------
Melee: Club              |    13 |       ||    13
       Constrict         |    19 |     6 ||    25
       Tentacles         |     6 |     4 ||    10
       Mace              |    54 |     8 ||    62
       Flail             |       |    16 ||    16
 Cast: Magic Dart        |    43 |    14 ||    57
       Call Imp          |     2 |     2 ||     4
  Use: Scroll            |     4 |       ||     4
       Potion            |       |     1 ||     1
 Stab: Sleeping          |     2 |       ||     2
  Eat: Chunk             |     6 |     2 ||     8
Armor: Skin              |     8 |     3 ||    11
Dodge: Dodged            |    60 |    18 ||    78

Table legend:
 A = Non-vault XP
 B = Vault XP
 C = Vault XP percentage of total XP
 D = Non-vault monster count
 E = Vault monster count
 F = Vault count percentage of total count
                 A         B        C        D         E       F
            +---------+---------+-------+---------+---------+-------
      Total |     138 |       0 |   0.0 |      41 |       0 |   0.0
            +---------+---------+-------+---------+---------+-------
        D:1 |      25 |       0 |   0.0 |      11 |       0 |   0.0
        D:2 |      29 |       0 |   0.0 |      11 |       0 |   0.0
        D:3 |      84 |       0 |   0.0 |      19 |       0 |   0.0
            +---------+---------+-------+---------+---------+-------
